Map: Orbital Shipyard

Players

Beastyqt

  • Race: Terran Terran
  • League: Master

TOP - Winner!

  • Race: Terran Terran
  • League: Master

Event: Lycan League Weekly August #1

VOD

Have the link to the VOD?

Description

Time

  • Played on: Aug. 3, 2015, 1:50 p.m.
  • Length: 3:55

All games in this series

Show
View Real Time Build Order
Export as new Build Order

Beastyqt Terran 

Build Orders: Reaper Expand 

Get SALT Encoding   

  13  0:12  Supply Depot  
  12  0:34  Refinery  
  12  0:36  Barracks  
  12  0:50  Barracks  
  12  0:57  SCV  
  13  1:23  Reaper  
  13  1:24  Orbital Command  
  15  1:40  Reaper  
  15  1:50  SCV  
  15  1:56  Reaper  
  16  2:04  SCV  
  17  2:24  SCV  
  17  2:25  Reaper  
  18  2:39  SCV, Reaper  
  20  2:50  Command Center  
  20  2:51  SCV  
  20  2:55  Refinery  
  20  2:57  Reaper  
  21  3:07  SCV  
  20  3:14  Reaper  
  20  3:19  SCV  
  22  3:28  Bunker  
  22  3:31  SCV  
  23  3:45  Factory  
Show
View Real Time Build Order
Export as new Build Order

TOP Terran - Winner!

Build Orders: 1/1/1 

Get SALT Encoding   

  12  0:00  SCV  
  13  0:13  SCV  
  14  0:18  Supply Depot  
  14  0:25  SCV  
  15  0:40  SCV  
  15  0:42  Barracks  
  16  0:43  Refinery  
  16  0:52  SCV  
  16  0:53  Refinery  
  18  1:04  SCV  
  18  1:16  SCV  
  19  1:28  Marine  
  19  1:29  Orbital Command  
  20  1:34  Factory  
  20  1:43  Supply Depot  
  20  1:52  Marine  
  21  1:56  SCV  
  22  2:08  SCV  
  23  2:10  Marine  
  23  2:18  Hellion  
  23  2:20  SCV  
  25  2:28  Starport  
  23  2:33  Marine  
  23  2:39  Hellion  
  25  2:45  SCV  
  26  2:51  Marine  
  26  2:57  Supply Depot  
  27  3:01  Hellion  
  27  3:03  SCV  
  30  3:13  Marine  
  30  3:19  SCV, Starport Tech Lab  
  32  3:22  Hellion  
  34  3:31  SCV, Marine  
  39  3:43  SCV  

Tags
 
Add a new tag
Caveats
  • Supply blocks, unpowered buildings, or Contaminate may cause inaccurate times.
  • Supply counts are checked every 10 seconds.